 Dungeon Crawl Stone Soup version bcrawl-1.14 (webtiles) character file.

Game seed: 9050297751874610851

8874 MisterOstroum the Covert (level 11, -1/53 HPs)
             Began as a Spriggan Enchanter on Sept 6, 2019.
             Was a Believer of Lugonu.
             Slain by a large slime creature (33 damage)
             ... on level 9 of the Dungeon.
             The game lasted 00:49:26 (13375 turns).

MisterOstroum the Covert (Spriggan Enchanter)      Turns: 13375, Time: 00:49:27

Health: -1/53      AC:  3    Str:  4    XL:     11   Next: 15%
Magic:  5/24       EV: 26    Int: 20    God:    Lugonu [**....]
Gold:   459        SH:  0    Dex: 17    Spells: 12/26 levels left

rFire    . . .     SeeInvis +   a - +0 rapier
rCold    . . .     Gourm    .   (shield restricted)
rNeg     . . .     Faith    .   l - +0 robe
rPois    .         Spirit   .   (helmet restricted)
rElec    .         Reflect  .   h - +0 cloak
rCorr    .         Harm     .   (gloves unavailable)
MR       ++...                  (boots unavailable)
Stlth    +++++.....             (no amulet)
HPRegen  0.17/turn              j - ring of protection from magic
MPRegen  0.19/turn              (no ring)

@: very quick
A: very small, unfitting armour, see invisible, herbivore, speed 3, slow
metabolism 2
a: Depart the Abyss, Bend Space, Renounce Religion


You were on level 9 of the Dungeon.
You worshipped Lugonu.
Lugonu was pleased with you.
You were not hungry.

You visited 2 branches of the dungeon, and saw 10 of its levels.

You collected 784 gold pieces.
You spent 325 gold pieces at shops.

Inventory:

Hand Weapons
 a - a +0 rapier (weapon)
 b - a +1 dagger of venom
 g - a +2 dagger of speed
 C - a +0 shortbow
Missiles
 c - 2384 stones (quivered)
 n - 209 tomahawks
 B - 1024 arrows
Armour
 h - a +0 cloak (worn)
 l - a +0 robe (worn)
 A - a +0 troll leather armour
Magical Staves
 D - an uncursed staff of cold
 K - an uncursed staff of summoning
Jewellery
 j - a ring of protection from magic (left hand)
Wands
 w - a wand of acid (5)
 F - a wand of enslavement (10)
 G - a wand of paralysis (6)
 J - a wand of iceblast (7)
Scrolls
 d - a scroll of fog {!r}
 i - 6 scrolls of remove curse {@r2}
 o - 2 scrolls of immolation {unknown}
 q - 7 scrolls of identify {unknown}
 t - 2 scrolls of blinking {unknown}
 v - 9 scrolls of teleportation {unknown}
 x - a scroll of enchant weapon {unknown}
 y - a scroll of magic mapping {unknown}
 z - 4 scrolls of amnesia {unknown}
 E - a scroll of fear {unknown}
Potions
 f - 2 potions of agility {@q5 !q}
 k - a potion of heal wounds {@q2 !q}
 m - a potion of mutation {unknown}
 p - 2 potions of ambrosia {unknown}
 r - 3 potions of brilliance
 s - 2 potions of berserk rage {unknown}
 u - 2 potions of curing {unknown}
 H - a potion of magic {unknown}
Miscellaneous
 I - a lightning rod (4/4)
Comestibles
 e - 18 rations {!d}


   Skills:
 - Level 4.0 Fighting
 - Level 10.0 Short Blades
 - Level 10.0 Dodging
 - Level 11.0 Stealth
 - Level 8.2 Spellcasting
 + Level 8.1 Hexes
 - Level 4.5 Transmutations
 - Level 3.1 Ice Magic
 - Level 5.1 Evocations


You had 12 spell levels left.
You knew the following spells:

 Your Spells              Type           Power        Failure   Level  Hunger
a - Corona                Hex            #####..      1%          1    None
b - Ensorcelled Hibernat  Hex/Ice        ####..       1%          2    None
c - Confuse               Hex            #####...     1%          3    None
d - Tukima's Dance        Hex            #####...     1%          3    None
e - Spider Form           Tmut/Pois      ###          10%         3    None
f - Sticks to Snakes      Tmut           ####....     1%          2    None

Your spell library contained the following spells:

 Spells                   Type           Power        Failure   Level  Hunger
 Beastly Appendage        Tmut           ####..       1%          1    None
 Dazzling Spray           Conj/Hex       ###...       4%          3    None
 Ice Form                 Ice/Tmut       ###.....     17%         4    ###....
 Blade Hands              Tmut           ####......   36%         5    #####..


Dungeon Overview and Level Annotations

Branches:
Dungeon (9/12)             Temple (1/1) D:4            Lair (0/6) D:7
    Orc: D:8-11

Altars:
Ashenzari
Cheibriados
Dithmenos
Elyvilon
Fedhas
Gozag
Hepliaklqana
Kikubaaqudgha
Lugonu
Makhleb
Nemelex Xobeh
Okawaru
Qazlal
Ru
Sif Muna
Trog
Uskayaw
Vehumet
Wu Jian
Xom
Yredelemnul
Zin
The Shining One

Shops:
D:6 :   D:7 :

Annotations:
D:4 3 runed translucent doors, cirnu's ghost, novice VSCK
D:8 2 runed translucent doors, DawwaD's ghost, novice MiBe


Innate Abilities, Weirdness & Mutations

You are very small and have problems with some larger weapons.
You are too small for most types of armour.
You have supernaturally acute eyesight. (SInv)
You are a herbivore.
You cover ground extremely quickly.
You need to consume almost no food.


Message History

Confirm with . or Enter, or press ? or * to list all spells.
Aiming: Confuse (safe; 1% risk of failure)
Press: ? - help, Shift-Dir - straight line, f/p - large slime creature
Aim: a large slime creature (lightly wounded, chance to defeat MR: 50%)
The large slime creature resists with some effort.
Casting: Confuse (safe; 1% risk of failure)
Confirm with . or Enter, or press ? or * to list all spells.
Aiming: Confuse (safe; 1% risk of failure)
Press: ? - help, Shift-Dir - straight line, f/p - large slime creature
Aim: a large slime creature (lightly wounded, chance to defeat MR: 50%)
The large slime creature appears confused.
A large slime creature splits.
The large slime creature hits the slime creature!!!
Firing (i - inventory. (/) - cycle)
B - 1029 arrows (quivered)
Press: ? - help, Shift-Dir - straight line, f - slime creature, p - large slime creature
Aim: a slime creature (hasn't noticed you)
You shoot an arrow. The slime creature quivers.
The arrow hits the large slime creature.
The large slime creature is lightly wounded.
Two slime creatures merge to form a large slime creature.
Firing (i - inventory. (/) - cycle)
B - 1028 arrows (quivered)
Press: ? - help, Shift-Dir - straight line, f/p - slime creature
Aim: a slime creature You shoot an arrow.
The arrow hits the large slime creature.
The large slime creature is lightly wounded.
The large slime creature hits the large slime creature!!
The large slime creature hits the large slime creature!!!
Firing (i - inventory. (/) - cycle)
B - 1027 arrows (quivered)
Press: ? - help, Shift-Dir - straight line, f/p - slime creature
Aim: a slime creature You shoot an arrow.
The arrow hits the large slime creature.
The large slime creature is lightly wounded.
The large slime creature hits the large slime creature.
The large slime creature is killed!
Lugonu accepts your kill.
Your Dodging skill increases to level 10!
Your Stealth skill increases to level 11!
Firing (i - inventory. (/) - cycle)
B - 1026 arrows (quivered)
Press: ? - help, Shift-Dir - straight line, f/p - slime creature
Aim: a slime creature
Okay, then.
Unknown command.
Firing (i - inventory. (/) - cycle)
B - 1026 arrows (quivered)
Press: ? - help, Shift-Dir - straight line, f/p - slime creature
Aim: a slime creature You shoot an arrow.
The arrow hits the large slime creature.
The large slime creature is lightly wounded.
Firing (i - inventory. (/) - cycle)
B - 1025 arrows (quivered)
Press: ? - help, Shift-Dir - straight line, f/p - slime creature
Aim: a slime creature You shoot an arrow.
The arrow hits the large slime creature.
The large slime creature is lightly wounded.
Casting: Confuse (safe; 1% risk of failure)
Confirm with . or Enter, or press ? or * to list all spells.
Aiming: Ensorcelled Hibernation (safe; 1% risk of failure)
Press: ? - help, Shift-Dir - straight line, f/p - slime creature
Aim: a slime creature (chance to defeat MR: 41%)
The slime creature resists with some effort.
The slime creature quivers.
The large slime creature closely misses you.
Wield which item (- for none, * to show all)? (? for menu, Esc to quit)
a - a +0 rapier (weapon)
You hit the slime creature.
The slime creature is lightly wounded.
The slime creature barely misses you.
You hit the slime creature.
The slime creature is lightly wounded.
The slime creature closely misses you.
You hit the slime creature.
The slime creature is lightly wounded.
The slime creature misses you.
You hit the slime creature but do no damage.
The slime creature is lightly wounded.
The large slime creature hits the slime creature!!
There isn't anything here!
You hit the slime creature.
The slime creature is severely wounded.
The slime creature hits you.
The large slime creature hits the slime creature.
The large slime creature hits itself!!!
You hit the slime creature.
The slime creature is severely wounded.
Two slime creatures merge to form a large slime creature.
You hit the large slime creature.
The large slime creature is moderately wounded.
The large slime creature seems less confused.
Casting: Ensorcelled Hibernation (safe; 1% risk of failure)
Confirm with . or Enter, or press ? or * to list all spells.
Aiming: Confuse (safe; 1% risk of failure)
Press: ? - help, Shift-Dir - straight line, f/p - large slime creature
Aim: a large slime creature (moderately wounded, chance to defeat MR: 50%)
The large slime creature resists with some effort.
The large slime creature hits you!!
Ouch! That really hurt!
You die...

# # ########## #
#........#### #
#........@JJ### #
#........##...##### #
#........####.....########
#........# #####........'
#........# ##########
#####.#### # #.# # #.#
#.##


You could see 2 large slime creatures.

Vanquished Creatures
  An ugly thing (D:8)
  A slime creature (D:9)
  Maurice (D:9)
  Grinder (D:3)
  4 trolls
  2 hippogriffs
  A spriggan (D:7)
  13 yaks
  2 hungry ghosts
  5 porcupines (D:7)
  4 orc warriors
  2 phantoms (D:9)
  5 sky beasts
  An ice beast (D:7)
  2 black bears (D:7)
  2 ogres (D:8)
  4 centaurs
  A big kobold (D:7)
  6 bullfrogs
  Blork the orc (D:6)
  2 gnoll sergeants
  A wyvern skeleton (D:8)
  2 wights (D:8)
  4 crimson imps
  3 quasits
  A centaur skeleton (D:8)
  A jelly (D:7)
  3 orc priests
  5 hounds
  7 orc wizards
  2 bullfrog skeletons
  Jessica (D:3)
  2 iguanas
  5 worker ants
  A hound skeleton (D:5)
  A worker ant zombie (D:8)
  4 gnolls (D:6)
  A howler monkey skeleton (D:5)
  17 adders
  A river rat (D:4)
  3 oozes
  An adder zombie (D:5)
  2 adder skeletons
  7 worms
  5 dart slugs
  5 leopard geckos
  38 orcs
  3 ball pythons (D:4)
  5 bats
  6 giant cockroaches
  A goblin (D:3)
  5 hobgoblins
  5 jackals (D:3)
  11 kobolds
  4 quokkas
  4 frilled lizards
  6 rats
234 creatures vanquished.

Vanquished Creatures (collateral kills)
  A wight (D:8)
1 creature vanquished.

Vanquished Creatures (others)
  A quokka (D:9)
  A bush (D:7)
  27 fungi (D:7)
  4 plants (D:7)
33 creatures vanquished.

Grand Total: 268 creatures vanquished

Notes
Turn   | Place    | Note
-------+----------+-------------------------------------------
     0 | D:1      | MisterOstroum the Spriggan Enchanter began the quest for
                  | the Orb.
     0 | D:1      | Reached XP level 1. HP: 9/9 MP: 5/5
   407 | D:1      | Reached skill level 1 in Fighting
   548 | D:1      | Reached XP level 2. HP: 14/14 MP: 4/6
   552 | D:1      | Learned a level 2 spell: Ensorcelled Hibernation
   763 | D:1      | Reached skill level 5 in Stealth
  1565 | D:2      | Reached XP level 3. HP: 18/18 MP: 6/8
  2285 | D:2      | Learned a level 3 spell: Confuse
  2378 | D:2      | Reached XP level 4. HP: 22/22 MP: 10/10
  2529 | D:3      | Reached skill level 6 in Stealth
  3138 | D:3      | Found a corrupted altar of Lugonu.
  3615 | D:3      | Reached XP level 5. HP: 25/25 MP: 4/12
  3723 | D:3      | Noticed Grinder
  3739 | D:3      | Killed Grinder
  3739 | D:3      | Reached XP level 6. HP: 23/30 MP: 7/13
  3903 | D:3      | Noticed Jessica
  3988 | D:3      | Killed Jessica
  4000 | D:3      | Noticed a sky beast
  4020 | D:3      | Killed a sky beast
  4034 | D:3      | Reached XP level 7. HP: 28/35 MP: 5/14
  4115 | D:3      | Found a basalt altar of Yredelemnul.
  4338 | D:4      | Reached skill level 7 in Stealth
  4343 | D:4      | HP: 1/35 [worker ant (4)]
  4351 | D:5      | Entered Level 5 of the Dungeon
  5200 | D:4      | Reached skill level 5 in Short Blades
  5372 | D:4      | Found a staircase to the Ecumenical Temple.
  5381 | Temple   | Entered the Ecumenical Temple
  5390 | Temple   | Became a worshipper of Uskayaw the Reveler
  5425 | D:4      | Found a burning altar of Makhleb.
  5428 | D:4      | Reached * piety under Uskayaw
  5433 | D:4      | Reached ** piety under Uskayaw
  5529 | D:4      | Reached skill level 5 in Hexes
  5529 | D:4      | Reached XP level 8. HP: 21/40 MP: 12/15
  5779 | D:4      | Found a runed translucent gate.
  5779 | D:4      | Found a runed translucent gate.
  5779 | D:4      | Found a runed translucent gate.
  5781 | D:4      | Noticed cirnu's ghost (novice VSCK)
  5824 | D:4      | Reached skill level 5 in Spellcasting
  7394 | D:6      | Noticed Blork the orc
  7444 | D:6      | Killed Blork the orc
  7698 | D:6      | Found a hazy altar of Hepliaklqana.
  7798 | D:6      | Reached XP level 9. HP: 42/44 MP: 18/22
  7804 | D:6      | Reached skill level 5 in Dodging
  8170 | D:6      | Found Ynuvoat's Book Shoppe.
  8173 | D:6      | Bought a book of Changes for 325 gold pieces
  8202 | D:6      | Learned a level 3 spell: Tukima's Dance
  8206 | D:6      | Learned a level 3 spell: Spider Form
  8305 | D:6      | Reached skill level 1 in Transmutations
  8565 | D:7      | Reached skill level 8 in Stealth
  8644 | D:7      | Found Kaifunen's Book Emporium.
  8674 | D:7      | Noticed a troll
  8690 | D:7      | Killed a troll
  8913 | D:7      | Noticed a troll
  8923 | D:7      | Killed a troll
  8959 | D:7      | Found an iron altar of Okawaru.
  8971 | D:7      | Noticed a troll
  8982 | D:7      | Killed a troll
  8982 | D:7      | Reached skill level 9 in Stealth
  9261 | D:7      | Reached skill level 10 in Stealth
  9304 | D:7      | Learned a level 2 spell: Sticks to Snakes
  9418 | D:6      | Reached XP level 10. HP: 48/49 MP: 20/23
  9943 | D:7      | Reached *** piety under Uskayaw
 10056 | D:7      | Found a staircase to the Lair.
 10978 | D:3      | Fell from the grace of Uskayaw
 10978 | D:3      | Became a worshipper of Lugonu the Unformed
 10978 | D:3      | Reached * piety under Lugonu
 11209 | D:8      | Noticed a brown ugly thing
 11233 | D:8      | Killed a brown ugly thing
 11892 | D:8      | Found a large runed translucent door.
 11893 | D:8      | Found a large runed translucent door.
 11896 | D:8      | Noticed DawwaD's ghost (novice MiBe)
 12304 | D:9      | Reached skill level 10 in Short Blades
 12451 | D:9      | Found a stormy altar of Qazlal.
 12451 | D:9      | Found a shattered altar of Ashenzari.
 12452 | D:9      | Found a glowing golden altar of the Shining One.
 12474 | D:9      | Reached skill level 1 in Evocations
 12699 | D:9      | Reached ** piety under Lugonu
 12767 | D:9      | Found a white marble altar of Elyvilon.
 12778 | D:9      | Noticed Maurice
 12784 | D:9      | Killed Maurice
 12784 | D:9      | Reached XP level 11. HP: 53/53 MP: 18/24
 13150 | D:9      | Reached skill level 5 in Evocations
 13359 | D:9      | Reached skill level 10 in Dodging
 13359 | D:9      | Reached skill level 11 in Stealth
 13375 | D:9      | Slain by a large slime creature

Skill      XL: |  1  2  3  4  5  6  7  8  9 10 11 |
---------------+----------------------------------+-----
Fighting       | 1 2 3 4 |  4.0
Stealth        | 5 6 7 10 11 | 11.0
Short Blades   | 2 3 4 5 6 7 10 | 10.0
Hexes          | 4 5 6 7 8 |  8.1
Spellcasting   | 3 4 8 |  8.2
Ice Magic      | 2 3 |  3.1
Dodging        | 4 6 9 10 | 10.0
Transmutations | 4 |  4.5
Evocations     | 3 5 |  5.1

Action                   |  1- 3 |  4- 6 |  7- 9 | 10-12 || total
-------------------------+-------+-------+-------+-------++-------
Melee: Dagger            |   103 |    88 |   256 |   159 ||   606
       Short sword       |       |    32 |   123 |       ||   155
       Rapier            |       |       |    15 |    30 ||    45
       Unarmed           |       |       |    11 |       ||    11
 Fire: Shortbow          |       |       |       |    10 ||    10
Throw: Stone             |    20 |    10 |    14 |     6 ||    50
 Cast: Corona            |     1 |     5 |       |     1 ||     7
       Ensorcelled Hiber |    18 |    25 |    46 |    45 ||   134
       Confuse           |       |     7 |    18 |    39 ||    64
       Spider Form       |       |       |     1 |       ||     1
       Tukima's Dance    |       |       |       |     5 ||     5
Invok: Stomp             |       |       |       |     1 ||     1
 Abil: End Transformatio |       |       |     1 |       ||     1
  Use: Scroll            |     1 |       |       |       ||     1
       Potion            |       |       |     4 |       ||     4
 Stab: Sleeping          |    21 |    13 |    41 |    39 ||   114
       Confused          |       |     2 |    11 |    10 ||    23
       Distracted        |       |     1 |       |     3 ||     4
  Eat: Ration            |       |     1 |     2 |     2 ||     5
Armor: Robe              |     8 |     6 |    19 |     8 ||    41
       Troll leather arm |       |       |     3 |     8 ||    11
       Skin              |       |       |     2 |       ||     2
Dodge: Dodged            |    51 |    67 |   301 |    95 ||   514
